[Event "*** Titled Tuesday Blitz"]
[Site "Chess.com"]
[Date "2020.11.10"]
[Round "2"]
[White "Chessdude1987"]
[Black "tsaruk_maks"]
[Result "0-1"]
[WhiteElo "2293"]
[BlackElo "2618"]
[TimeControl "180+1"]
[EndTime "10:19:33 PST"]
[Termination "tsaruk_maks won on time"]

1. e4 e5 2. f4 exf4 3. Bc4 Nc6 4. d4 Qh4+ 5. Kf1 Nf6 6. Nf3 Qh6 7. e5 d5 8. Bb3 Ne4 9. Kg1 Be6 10. g3 g5 11. Nc3 O-O-O 12. Qe1 Qh5 13. Nxe4 dxe4 14. Bxe6+ fxe6 15. Qxe4 g4 16. Bxf4 gxf3 17. c3 Bh6 18. Kf2 Bxf4 19. Qxf4 Rhf8 20. Qe4 Qh3 21. Rag1 Rf5 22. g4 Rxe5 23. dxe5 Rd2+ 24. Ke3 Re2+ 25. Kd3 Rxe4 26. Kxe4 f2 27. Rg3 f1=Q 28. Rxh3 Qxh1+ 29. Rf3 Nxe5 30. Kxe5 Qxf3 31. Kxe6 Qxg4+ 32. Kf7 Qe2 33. Kg7 Qxh2 34. Kf6 Qxb2 35. Kg7 Qxa2 36. Kh8 Qc4 37. Kxh7 Qxc3 38. Kg6 a5 0-1

[Event "*** Titled Tuesday Blitz"]
[Site "Chess.com"]
[Date "2020.11.10"]
[Round "2"]
[White "yuki_chess123"]
[Black "IMprovidence"]
[Result "1-0"]
[WhiteElo "2203"]
[BlackElo "2393"]
[TimeControl "180+1"]
[EndTime "10:19:33 PST"]
[Termination "yuki_chess123 won on time"]

1. Nf3 c5 2. e4 e6 3. d3 Ne7 4. g3 Nbc6 5. Bg2 g6 6. Be3 d6 7. O-O Bg7 8. d4 O-O 9. Nc3 b6 10. Qd2 Bb7 11. Rad1 cxd4 12. Nxd4 Ne5 13. b3 Ng4 14.
Ndb5 Nxe3 15. Qxe3 d5 16. exd5 Nxd5 17. Nxd5 exd5 18.
c4 a6 19. Bxd5 Bxd5 20. Rxd5 Qf6 21. Nd6 b5 22. c5 Rfd8 23. Rfd1 Bf8 24. Ne4 Qe7 25.
Rd7 Rxd7 26. Rxd7 Qe5 27. Qf3 f5 28. Nf6+ Qxf6 29. Qxa8 Qa1+ 30. Kg2 Qxa2 31. Rd8 Qxb3 32. Rxf8+ Kg7 33. Rd8 Qc4 34. Qd5 Qc2 35. c6 b4 36.
c7 b3 37. c8=Q 1-0

[Event "*** Titled Tuesday Blitz"]
[Site "Chess.com"]
[Date "2020.11.10"]
[Round "2"]
[White "JoakimVonAnd"]
[Black "Promacherr"]
[Result "0-1"]
[WhiteElo "2490"]
[BlackElo "2710"]
[TimeControl "180+1"]
[EndTime "10:19:34 PST"]
[Termination "Promacherr won by resignation"]

1. d4 Nf6 2. c4 e6 3. Nc3 Bb4 4. e3 c5 5. Bd3 O-O 6. Nf3 d5 7. cxd5 cxd4 8. Nxd4 Qxd5 9. O-O Bxc3 10. bxc3 b6 11.
c4 Qd7 12. Ba3 Rd8 13. Bc2 Bb7 14. Ba4 Qc8 15. Qe2 Na6 16. Nb3 Bc6 17. Bb5 Qb7 18. c5 Nc7 19. Bxc6 Qxc6 20. Rfc1 Rac8 21. cxb6 Qxb6 22.
Bc5 Qb7 23. Na5 Qa8 24. f3 Ncd5 25. e4 Nf4 26. Qe3 e5 27. Be7 Rd3 28. Qxa7 Rd2 29. Rxc8+ Qxc8 30. Bxf6 Rxg2+ 31. Kh1 Rxh2+ 32. Kg1 Rg2+ 33. Kf1 gxf6 34. Rd1 Qh3 35. Rd8+ Kg7 36. Nc6 Qxf3+ 0-1

[Event "*** Titled Tuesday Blitz"]
[Site "Chess.com"]
[Date "2020.11.10"]
[Round "2"]
[White "CzechmVIII"]
[Black "Susal_De_Silva"]
[Result "0-1"]
[WhiteElo "2146"]
[BlackElo "2618"]
[TimeControl "180+1"]
[EndTime "10:19:34 PST"]
[Termination "Susal_De_Silva won by resignation"]

1. e4 e5 2. Nf3 Nc6 3. Bb5 a6 4. Ba4 Nf6 5. O-O Be7 6. Re1 b5 7. Bb3 d6 8. c3 O-O 9. h3 Na5 10. Bc2 c5 11. d4 Nd7 12. dxc5 dxc5 13. Nbd2 Qc7 14. Nf1 Nb6 15. Ne3 Rd8 16. Qe2 Be6 17. Nf5 Bxf5 18. exf5 f6 19. Be4 Rab8 20. g4 h6 21. Nh4 Nac4 22. Ng6 Nd6 23. Bg2 Nf7 24. b3 c4 25. b4 Na4 26. Nxe7+ Qxe7 27. Bd2 Rd3 28.
Rec1 Rbd8 29. Be1 Ng5 30. h4 Nh3+ 31. Kf1 Nf4 32. Qe4 Nxg2 33. Kxg2 h5 34. gxh5 Nb6 35. Qg4 Kh8 36. Rd1 Nd5 37. Rxd3 Nf4+ 38. Kh1 Rxd3 39. Rd1 Qb7+ 40. Kg1 Rxd1 41. h6 Rxe1+ 0-1

[Event "*** Titled Tuesday Blitz"]
[Site "Chess.com"]
[Date "2020.11.10"]
[Round "2"]
[White "rugbyclub"]
[Black "Kopytkin"]
[Result "0-1"]
[WhiteElo "2225"]
[BlackElo "2440"]
[TimeControl "180+1"]
[EndTime "10:19:35 PST"]
[Termination "Kopytkin won by checkmate"]

1. d4 Nf6 2. Nf3 g6 3. c4 Bg7 4. Nc3 O-O 5. e4 d6 6. Be2 e5 7. d5 a5 8. Bg5 h6 9. Bh4 Na6 10. Nd2 Qe8 11. a3 Bd7 12. b3 Nc5 13.
Rb1 Nh7 14. b4 axb4 15. axb4 Na4 16. Nxa4 Bxa4 17. Qc1 f5 18. f3 Nf6 19. Bd3 Bd7 20. O-O Rf7 21. Bf2 Bf8 22. Re1 Rg7 23. c5 f4 24. Nc4 g5 25. Kh1 Qh5 26. Na5 g4 27.
Be2 g3 28. Bg1 Qh4 29. c6 Bh3 30. Bf1 b6 31. gxh3 gxh2 32. Bxh2 Nh5 33. Nc4 Qf2 34. Rb2 Rg1+ 35. Bxg1 Ng3# 0-1

[Event "*** Titled Tuesday Blitz"]
[Site "Chess.com"]
[Date "2020.11.10"]
[Round "2"]
[White "JoliyRoger"]
[Black "JiiHart"]
[Result "1-0"]
[WhiteElo "2379"]
[BlackElo "2078"]
[TimeControl "180+1"]
[EndTime "10:19:35 PST"]
[Termination "JoliyRoger won by resignation"]

1. Nf3 Nf6 2. c4 e6 3. d4 c5 4.
d5 exd5 5. cxd5 d6 6. Nc3 g6 7. e4 Bg7 8. Bd3 O-O 9. h3 b5 10. Nxb5 Nxe4 11. Bxe4 Qa5+ 12. Nc3 Bxc3+ 13. bxc3 Re8 14.
Ng5 f5 15. O-O fxe4 16. Bf4 Qxc3 17. Re1 Qf6 18. Qd2 Ba6 19. Rab1 e3 20. Bxe3 Nd7 21.
Ne6 Rab8 22. Rxb8 Rxb8 23. Bg5 Qf5 24. Qa5 Rb6 25. Qc3 Ne5 26. f4 Qd3 27. Qa1 Bc4 28.
fxe5 Bxd5 29. Nf4 Qd4+ 30. Qxd4 cxd4 31. Nxd5 Rb2 32. exd6 1-0

[Event "*** Titled Tuesday Blitz"]
[Site "Chess.com"]
[Date "2020.11.10"]
[Round "2"]
[White "CHESSMASTER759"]
[Black "Mikhal867"]
[Result "1-0"]
[WhiteElo "2654"]
[BlackElo "2344"]
[TimeControl "180+1"]
[EndTime "10:19:36 PST"]
[Termination "CHESSMASTER759 won by resignation"]

1. e4 g6 2. d4 Bg7 3. Nc3 d6 4. f4 a6 5. Nf3 Nd7 6. Bd3 c5 7. dxc5 Nxc5 8. Be3 Nxd3+ 9. cxd3 Nf6 10. O-O O-O 11. h3 b5 12. Qe2 Bb7 13. a3 Nd7 14.
Rac1 Nc5 15. f5 Rc8 16. Nd2 e6 17. d4 Nd7 18. fxe6 fxe6 19. Qg4 Qe7 20. Nf3 Nf6 21. Qh4 Qd7 22. Ng5 h6 23. Nf3 g5 24. Bxg5 hxg5 25.
Nxg5 Bh8 26. Ne2 Rxc1 27. Rxc1 Rc8 28. Rf1 Rc2 29. Nf4 Nxe4 30. Nfxe6 Nf6 31. Nf4 Qg7 32. Re1 Ne4 33. Nxe4 Qxd4+ 34. Kh2 Bxe4 35. Qd8+ Kh7 36. Qe7+ Bg7 37. Rxe4 Qf6 38. Qe8 Rxb2 39. Qh5+ Bh6 40.
Nd5 Qg6 41. Re7+ 1-0

[Event "*** Titled Tuesday Blitz"]
[Site "Chess.com"]
[Date "2020.11.10"]
[Round "2"]
[White "LiamVrolijk"]
[Black "zajka-molotok"]
[Result "1-0"]
[WhiteElo "2813"]
[BlackElo "2535"]
[TimeControl "180+1"]
[EndTime "10:19:38 PST"]
[Termination "LiamVrolijk won on time"]

1. c4 Nf6 2. Nc3 e6 3. e4 d5 4. cxd5 exd5 5. e5 d4 6. exf6 dxc3 7. Qe2+ Be6 8. dxc3 Qxf6 9. Qb5+ Nd7 10. Qxb7 Qe5+ 11.
Ne2 Bd5 12. Qb5 Bc5 13. Bf4 Qe6 14. O-O-O O-O 15. Nd4 Qf6 16. Be3 c6 17. Qa4 Nb6 18. Qa5 Bd6 19. Bd3 Bxg2 20. Rhg1 Bd5 21. Nf5 g6 22.
Bd4 Be5 23. Nh6+ Kh8 24. Ng4 Qf4+ 25. Be3 Qf3 26. Nxe5 Qh5 27. Ng4 f6 28. Qc5 1-0

[Event "*** Titled Tuesday Blitz"]
[Site "Chess.com"]
[Date "2020.11.10"]
[Round "2"]
[White "ZverevLev"]
[Black "plumalka"]
[Result "0-1"]
[WhiteElo "2282"]
[BlackElo "2475"]
[TimeControl "180+1"]
[EndTime "10:19:38 PST"]
[Termination "plumalka won on time"]

1. e4 c5 2. Nf3 d6 3. d4 cxd4 4.
Nxd4 Nf6 5. Nc3 Bd7 6. Bg5 e6 7. Ndb5 Bc6 8. Bd3 Qb6 9. Be3 Qd8 10. O-O a6 11. Nd4 Be7 12. f4 Nbd7 13. Qe2 O-O 14. Rad1 Qc7 15. a4 Nc5 16. Nxc6 Qxc6 17. e5 dxe5 18. fxe5 Nfd7 19. Bd4 Nxd3 20. Rxd3 Bc5 21. Rfd1 Bxd4+ 22. Rxd4 Nc5 23. Rd6 Qc7 24. b4 Nd7 25. Rxd7 Qxc3 26. Rxb7 Rfd8 27. Rxd8+ Rxd8 28. h3 h6 29. Kh2 Rd2 30. Qe4 g6 31. Rb8+ Kg7 32. Qf4 Rxg2+ 33.
Kxg2 Qxc2+ 34. Kg1 Qd1+ 35. Kf2 Qc2+ 36. Ke1 Qc3+ 37.
Ke2 Qc2+ 38. Qd2 Qe4+ 39. Kd1 Qb1+ 40. Qc1 Qd3+ 41. Qd2 Qb1+ 42. Ke2 Qe4+ 43. Kf2 Qxe5 44. Rc8 Qf5+ 0-1

[Event "*** Titled Tuesday Blitz"]
[Site "Chess.com"]
[Date "2020.11.10"]
[Round "2"]
[White "Gulkov_Igor"]
[Black "H3nriqueTV"]
[Result "1-0"]
[WhiteElo "2468"]
[BlackElo "2275"]
[TimeControl "180+1"]
[EndTime "10:19:38 PST"]
[Termination "Gulkov_Igor won by checkmate"]

1. Nf3 d5 2. d4 Nf6 3. c4 c6 4.
Nc3 e6 5. Bg5 Be7 6. e3 Ne4 7.
Bxe7 Qxe7 8. Rc1 O-O 9. Bd3 f5 10. O-O Nd7 11. Qc2 g5 12. Ne2 g4 13. Nd2 Ng5 14. Nf4 Nf6 15. cxd5 cxd5 16. Qc7 Bd7 17. Qc5 Qxc5 18. Rxc5 Bc6 19. Rfc1 Nd7 20. R5c2 e5 21. dxe5 Nxe5 22. Bf1 Rfd8 23. Nb3 Ba4 24. Rc7 Bc6 25. Nd4 Rac8 26. Rxc8 Rxc8 27. Nxf5 Re8 28. Nd4 Ne4 29.
Bd3 Nxd3 30. Nxd3 Rc8 31. Nf4 Rb8 32. f3 gxf3 33. gxf3 Ng5 34. Kf2 Kf8 35. Nfe6+ Nxe6 36. Nxe6+ Ke7 37. Nd4 Bd7 38. a3 Kd6 39. Rg1 Rc8 40.
Ke2 a6 41. Kd2 b5 42. Rg5 a5 43. Rh5 Rh8 44. Rh6+ Kc5 45. Nb3+ Kc4 46. Nxa5+ Kc5 47. b4# 1-0

[Event "*** Titled Tuesday Blitz"]
[Site "Chess.com"]
[Date "2020.11.10"]
[Round "2"]
[White "beto-betun"]
[Black "mbachez"]
[Result "0-1"]
[WhiteElo "2191"]
[BlackElo "2410"]
[TimeControl "180+1"]
[EndTime "10:19:38 PST"]
[Termination "mbachez won on time"]

1. d4 Nf6 2. Nf3 c5 3. g3 cxd4 4. Nxd4 e5 5. Nb3 d5 6. Bg2 h6 7.
c4 Be6 8. cxd5 Bxd5 9. Bxd5 Qxd5 10. Qxd5 Nxd5 11. Bd2 Nc6 12. Nc3 Nf6 13. O-O Bb4 14.
Rac1 Bxc3 15. Bxc3 Ne4 16. f3 Nxc3 17. Rxc3 O-O 18.
Rd1 Rad8 19. Rcd3 Rxd3 20. Rxd3 f5 21. Rd7 Rf7 22. Rxf7 Kxf7 23. Kf2 Ke7 24. Nc5 b6 25.
Nd3 Ke6 26. e3 e4 27. Nf4+ Ke5 28. Ng6+ Kf6 29. Nf4 Ne5 30. fxe4 fxe4 31. Nd5+ Ke6 32. Nc3 Nd3+ 33. Ke2 Ke5 34. b3 a6 35. Nd1 Nc1+ 36.
Kd2 Nxa2 37. Kc2 b5 38. Kb2 Nb4 39. Kc3 Nd5+ 40. Kd2 a5 41. Kc2 g5 42. Kd2 Kd6 43. Kc2 Kc5 44. Kb2 a4 45. bxa4 bxa4 46. Nf2 Nf6 47.
Ka3 Kb5 48. Nd1 Nd5 49. Nf2 Nc3 50. Kb2 Kb4 0-1

[Event "*** Titled Tuesday Blitz"]
[Site "Chess.com"]
[Date "2020.11.10"]
[Round "2"]
[White "Dinamo3"]
[Black "Kristina_Kim"]
[Result "1-0"]
[WhiteElo "2409"]
[BlackElo "2188"]
[TimeControl "180+1"]
[EndTime "10:19:38 PST"]
[Termination "Dinamo3 won by resignation"]

1. e4 c5 2. Nf3 g6 3. c3 d5 4. exd5 Qxd5 5. d4 Nc6 6. Be2 Nf6 7. O-O Bg7 8. dxc5 Qxc5 9. Be3 Qd5 10. Nbd2 O-O 11. Bc4 Qd6 12. Qe2 Bg4 13. h3 Bf5 14. Rfd1 Rad8 15. Nb3 Qc7 16. Nbd4 Be4 17. Nxc6 Qxc6 18.
Nd4 Qc7 19. Nb5 Qb8 20. Bxa7 Qc8 21. Bb6 Rxd1+ 22. Rxd1 Bc6 23. a4 e6 24. Nd6 Qa8 25. a5 Nd5 26. Bxd5 Bxd5 27. c4 Bc6 28. b4 e5 29. b5 Bd7 30. Qe4 f5 31. Qd5+ Kh8 32.
Nf7+ Rxf7 33. Qxf7 Be8 34. Qe7 h6 35. Rd8 1-0

[Event "*** Titled Tuesday Blitz"]
[Site "Chess.com"]
[Date "2020.11.10"]
[Round "2"]
[White "AniJak"]
[Black "romulocardoso"]
[Result "1-0"]
[WhiteElo "2376"]
[BlackElo "2055"]
[TimeControl "180+1"]
[EndTime "10:19:38 PST"]
[Termination "AniJak won by checkmate"]

1. e4 c5 2. Nc3 d6 3. g3 Nc6 4.
Bg2 e6 5. d3 Be7 6. Nge2 Nf6 7.
O-O O-O 8. h3 Rb8 9. g4 Bd7 10.
Ng3 b5 11. g5 Ne8 12. f4 b4 13.
Nce2 e5 14. fxe5 Nxe5 15. h4 Ng6 16. h5 Nh4 17. Qd2 Nxg2 18. Kxg2 Nc7 19. Nf5 Bxf5 20.
exf5 Qd7 21. Ng3 f6 22. g6 Qc6+ 23. Kh2 d5 24. gxh7+ Kxh7 25. Qf4 Bd6 26. Qg4 Qe8 27. Bd2 Rh8 28. Rae1 Qf7 29. Kg2 Kg8 30. h6 Rh7 31.
Nh5 Bf8 32. Bf4 Kh8 33. Bxc7 Qxc7 34. hxg7+ Bxg7 35. Nf4 c4 36. Re7 Qd6 37. Rfe1 Rf8 38.
R1e6 Qc5 39. Ng6+ Kg8 40. Nxf8 Rh2+ 41. Kxh2 Qf2+ 42. Qg2 Qh4+ 43. Kg1 Qd4+ 44. Re3 Qxd3 45. Qxg7# 1-0

[Event "*** Titled Tuesday Blitz"]
[Site "Chess.com"]
[Date "2020.11.10"]
[Round "2"]
[White "MartinMatthiesen"]
[Black "vrekhson"]
[Result "1-0"]
[WhiteElo "2416"]
[BlackElo "2203"]
[TimeControl "180+1"]
[EndTime "10:19:40 PST"]
[Termination "MartinMatthiesen won by checkmate"]

1. d4 Nf6 2. c4 c5 3. d5 b5 4. cxb5 a6 5. bxa6 g6 6. Nc3 Bxa6 7. e4 Bxf1 8. Kxf1 d6 9. g3 Bg7 10. Kg2 O-O 11. Nf3 Nbd7 12. a4 Qa5 13. Ra3 Rfb8 14. Re1 Ng4 15. Re2 Nge5 16. Nxe5 Nxe5 17. Rc2 Nc4 18.
Ra2 Qb4 19. Qe2 Nb6 20. b3 Qxb3 21. Rab2 Qxc3 22. Rxc3 Bxc3 23. Rb1 Rxa4 24. Qb5 Rb4 25. Rxb4 Bxb4 26. Qc6 Nc4 27. Qc7 Ra8 28. Qxe7 Kg7 29. Bg5 Bc3 30. Qb7 Ra3 31. Be7 Be5 32. Qc8 Kh6 33.
Bf8+ Kh5 34. Qh3+ Kg5 35. Qh4# 1-0

[Event "*** Titled Tuesday Blitz"]
[Site "Chess.com"]
[Date "2020.11.10"]
[Round "2"]
[White "LyonBeast"]
[Black "MokshanovAlexey"]
[Result "1-0"]
[WhiteElo "3072"]
[BlackElo "2609"]
[TimeControl "180+1"]
[EndTime "10:19:41 PST"]
[Termination "LyonBeast won on time"]

1. Nf3 d5 2. g3 Nf6 3. Bg2 Bf5 4. O-O c6 5. c4 e6 6. cxd5 exd5 7. d3 Be7 8. Qb3 Qb6 9. Qc2 O-O 10. Nc3 h6 11. e4 dxe4 12. dxe4 Bh7 13. Be3 Qa5 14. Rad1 Nbd7 15.
a3 Rfe8 16. Rfe1 Bf8 17. Bf4 Nb6 18. Nd2 Qh5 19. h3 Nbd5 20. g4 Qg6 21. Bg3 Nxc3 22. Qxc3 Qg5 23. e5 Nd5 24. Qb3 Rad8 25. Qxb7 Nf4 26. Nf3 Rxd1 27. Rxd1 Ne2+ 28. Kh2 Qg6 29. Qxa7 Nxg3 30. fxg3 h5 31. gxh5 Qxh5 32. Qd7 Re6 33. Qc8 Bf5 34. Rd8 1-0

[Event "*** Titled Tuesday Blitz"]
[Site "Chess.com"]
[Date "2020.11.10"]
[Round "2"]
[White "Fandorine"]
[Black "Artyom_ChessMate"]
[Result "1-0"]
[WhiteElo "2840"]
[BlackElo "2550"]
[TimeControl "180+1"]
[EndTime "10:19:41 PST"]
[Termination "Fandorine won on time"]

1. e4 c5 2. Be2 d6 3. f4 Nc6 4.
Nf3 g6 5. O-O Bg7 6. c3 Nf6 7. d3 O-O 8. Kh1 Rb8 9. Be3 b5 10. a3 a5 11. Nbd2 Ba6 12. d4 cxd4 13. cxd4 d5 14. e5 Ng4 15. Bg1 Qb6 16. Nb3 a4 17. Nc5 Bc8 18. Rc1 Na5 19. h3 Nh6 20.
g4 Nc4 21. Rc2 f6 22. Bd3 fxe5 23. dxe5 Rxf4 24. Nd7 Bxd7 25. Bxb6 Nxb6 26. e6 Bc8 27. Ng5 Rxf1+ 28. Qxf1 Bb7 29. Rc7 Rf8 30. Rxb7 Rxf1+ 31. Bxf1 Nc4 32. Rb8+ Bf8 33. Rxb5 Ne3 34. Bd3 d4 35.
Rb8 Nd5 36. Bc2 Nf4 37. Bxa4 d3 38. Rd8 Kg7 39. b4 d2 40. Rxd2 1-0

[Event "*** Titled Tuesday Blitz"]
[Site "Chess.com"]
[Date "2020.11.10"]
[Round "2"]
[White "mjray79"]
[Black "TorFredrikKaasen"]
[Result "0-1"]
[WhiteElo "2499"]
[BlackElo "2723"]
[TimeControl "180+1"]
[EndTime "10:19:41 PST"]
[Termination "TorFredrikKaasen won by resignation"]

1. d4 Nf6 2. c4 e6 3. g3 d5 4. Bg2 Be7 5. Nf3 O-O 6. O-O dxc4 7. Qc2 a6 8. a4 Bd7 9. Qxc4 Bc6 10. Bg5 Nbd7 11.
Nc3 h6 12. Bxf6 Nxf6 13. Rfe1 Bd5 14. Qd3 c5 15. e4 Bc6 16. d5 exd5 17. exd5 Be8 18.
Ne5 Bd6 19. Nc4 Rb8 20. a5 b5 21. axb6 Bb5 22. Nxb5 axb5 23. Nxd6 Qxd6 24. Qxb5 Rxb6 25.
Qc4 Rxb2 26. Ra5 Nd7 27. Ra6 Nb6 28. Qc3 Rb5 29. Rd1 c4 30. Qd4 Rc8 31. Rc1 Rb4 32. Qg4 Rc7 33. Re1 c3 34. Qd1 c2 35. Qd2 Rb1 36.
Rc1 Rxc1+ 37. Qxc1 Qb4 38. Ra2 Qb1 39. Ra1 Qxa1 0-1

[Event "*** Titled Tuesday Blitz"]
[Site "Chess.com"]
[Date "2020.11.10"]
[Round "2"]
[White "BocharovD"]
[Black "Ave_Mariia"]
[Result "1-0"]
[WhiteElo "2757"]
[BlackElo "2521"]
[TimeControl "180+1"]
[EndTime "10:19:42 PST"]
[Termination "BocharovD won by resignation"]

1. c4 c5 2. g3 g6 3. Bg2 Bg7 4. Nc3 Nc6 5. Nf3 e6 6. O-O Nge7 7. d3 O-O 8. Qd2 d5 9. b3 e5 10. cxd5 Nxd5 11. Nxd5 Qxd5 12. Bb2 Qd6 13. Rac1 Bd7 14. Ng5 b6 15. f4 exf4 16. Ne4 Bd4+ 17. Kh1 Qe7 18.
Bxd4 Nxd4 19. Rxf4 f5 20. Nc3 Rae8 21. e4 Bc6 22.
Rcf1 fxe4 23. dxe4 Rxf4 24. gxf4 Rd8 25. Qf2 b5 26. f5 gxf5 27. exf5 Bxg2+ 28. Qxg2+ Kh8 29. f6 Qf7 30. Ne4 Rg8 31. Nd6 Qe6 32. f7 Rxg2 33. f8=Q+ Rg8 34. Nf7+ Qxf7 35. Qxf7 1-0

[Event "*** Titled Tuesday Blitz"]
[Site "Chess.com"]
[Date "2020.11.10"]
[Round "2"]
[White "hungrycaterpillar4"]
[Black "natelleka"]
[Result "1-0"]
[WhiteElo "2620"]
[BlackElo "2167"]
[TimeControl "180+1"]
[EndTime "10:19:45 PST"]
[Termination "hungrycaterpillar4 won on time"]

1. e4 e5 2. Nf3 Nf6 3. d4 Nxe4 4. Bd3 Nc6 5. Bxe4 d5 6. Nxe5 Nxe5 7. dxe5 dxe4 8. Qxd8+ Kxd8 9. Nc3 Bb4 10. Bg5+ Ke8 11. O-O-O Bg4 12. Rd4 Bxc3 13. bxc3 h6 14. Bh4 Bf5 15.
Rhd1 g5 16. Bg3 Ke7 17. Kd2 Rad8 18. Ke3 Rxd4 19. cxd4 c6 20. c4 Rd8 21. d5 cxd5 22.
cxd5 Bg4 23. Rd2 Rc8 24. Kxe4 Rc3 25. h3 Rc4+ 26. Kd3 Rc5 27. Kd4 Ra5 28. hxg4 Ra4+ 29. Kc3 Rxg4 30. Rd4 1-0

[Event "*** Titled Tuesday Blitz"]
[Site "Chess.com"]
[Date "2020.11.10"]
[Round "2"]
[White "IMRosen"]
[Black "Margarita2907"]
[Result "1-0"]
[WhiteElo "2566"]
[BlackElo "2235"]
[TimeControl "180+1"]
[EndTime "10:19:45 PST"]
[Termination "IMRosen won by checkmate"]

1. d4 d5 2. Bf4 Nf6 3. e3 e6 4.
Nd2 Bd6 5. Bg3 O-O 6. Ngf3 c5 7. c3 Qc7 8. dxc5 Bxg3 9. hxg3 Qxc5 10. Bd3 Nbd7 11. e4 dxe4 12. Bxe4 Nxe4 13. Nxe4 Qc4 14. Qc2 f5 15. Nd6 Qc6 16. O-O-O Nf6 17. Ne5 Qc5 18.
Rhe1 a6 19. Qb3 Nd5 20. Nxb7 Bxb7 21. Qxb7 Nxc3 22. Qc6 Nxa2+ 23. Kb1 Nc3+ 24. bxc3 Rab8+ 25. Kc2 Qa3 26. Qxe6+ Kh8 27. Ng6+ hxg6 28. Rh1# 1-0

[Event "*** Titled Tuesday Blitz"]
[Site "Chess.com"]
[Date "2020.11.10"]
[Round "2"]
[White "Makogon_Natalya"]
[Black "DenishevM"]
[Result "0-1"]
[WhiteElo "1598"]
[BlackElo "2613"]
[TimeControl "180+1"]
[EndTime "10:19:48 PST"]
[Termination "DenishevM won by resignation"]

1. e4 c5 2. c4 Nc6 3. Nc3 g6 4. g3 Bg7 5. Bg2 e6 6. Nge2 Nge7 7. O-O O-O 8. a3 Nd4 9. Rb1 a5 10. Nb5 Nxb5 11. cxb5 d5 12. exd5 exd5 13. d4 Bf5 14. Ra1 c4 15. Be3 Qb6 16. Nc3 Rfd8 17. a4 Be6 18.
Qd2 Nf5 19. h3 Bxd4 20. Bxd4 Nxd4 21. Rad1 Nb3 22. Qg5 Nc5 23. Bxd5 Nd3 24. Bxe6 Qxe6 25. Qg4 Qxg4 26. hxg4 Nxb2 27. Rxd8+ Rxd8 28. Re1 Rd3 29. Re8+ Kg7 30. Ne4 h6 31. Nc5 Rd1+ 32. Kg2 b6 33. Ne4 Nxa4 34. Re7 Re1 35. f3 Rb1 36. Rb7 Rb2+ 37. Kh3 Nc5 38. Nxc5 bxc5 39. Rc7 Rxb5 40. f4 c3 41. f5 gxf5 42. gxf5 c2 0-1

[Event "*** Titled Tuesday Blitz"]
[Site "Chess.com"]
[Date "2020.11.10"]
[Round "2"]
[White "rududuyk"]
[Black "AttractiveMustard"]
[Result "1/2-1/2"]
[WhiteElo "2167"]
[BlackElo "2396"]
[TimeControl "180+1"]
[EndTime "10:19:48 PST"]
[Termination "Game drawn by repetition"]

1. e4 c5 2. Nc3 Nc6 3. Bc4 g6 4.
f4 Bg7 5. Nf3 d6 6. d3 e6 7. O-O Nge7 8. Qe1 O-O 9. f5 d5 10.
Bb3 Nd4 11. Qh4 Nec6 12. Bg5 f6 13. Bh6 Nxb3 14. fxg6 hxg6 15. axb3 g5 16. Qh5 Nb4 17. Qg6 Qe7 18. Nxg5 fxg5 19. Rxf8+ Qxf8 20. Rf1 Qe7 21. Bxg5 Qc7 22. Qe8+ Kh7 23. Rf3 e5 24. Rf7 Qb6 25. Bf6 Qxf6 26. Rxf6 Bxf6 27. Qf7+ Bg7 28.
Qh5+ Kg8 29. Qe8+ Kh7 30. Qh5+ Kg8 31. Qe8+ Kh7 32. Qh5+ 1/2-1/2

[Event "*** Titled Tuesday Blitz"]
[Site "Chess.com"]
[Date "2020.11.10"]
[Round "2"]
[White "ViditYT"]
[Black "B-man"]
[Result "1-0"]
[WhiteElo "2879"]
[BlackElo "2563"]
[TimeControl "180+1"]
[EndTime "10:19:49 PST"]
[Termination "ViditYT won by checkmate"]

1. d4 Nf6 2. c4 g6 3. Nc3 c5 4.
d5 Bg7 5. e4 O-O 6. Nf3 d6 7.
Be2 e6 8. O-O Na6 9. Be3 Nc7 10.
h3 e5 11. Nd2 a6 12. a3 h6 13. b4 b6 14. Rb1 Nh7 15. Na4 f5 16. exf5 Bxf5 17.
Nxb6 Rb8 18. bxc5 Bxb1 19. Qxb1 dxc5 20. Bxc5 Rf6 21. Ne4 Rf4 22. Be3 Na8 23. c5 Nxb6 24.
cxb6 Ng5 25. Nxg5 hxg5 26. Qxg6 Qxd5 27. Bxf4 gxf4 28. Bg4 Rf8 29. Be6+ Kh8 30. Qh5+ Bh6 31. Qxh6# 1-0

[Event "*** Titled Tuesday Blitz"]
[Site "Chess.com"]
[Date "2020.11.10"]
[Round "2"]
[White "Larisa004"]
[Black "banane_verte"]
[Result "0-1"]
[WhiteElo "2174"]
[BlackElo "2408"]
[TimeControl "180+1"]
[EndTime "10:19:49 PST"]
[Termination "banane_verte won on time"]

1. e4 d5 2. exd5 Qxd5 3. Nc3 Qa5 4. d4 Nf6 5. Nf3 Nc6 6. Be2 Bg4 7. O-O O-O-O 8. Be3 e5 9. d5 Nxd5 10. Nxd5 Qxd5 11.
Qxd5 Rxd5 12. Bc4 Bxf3 13. gxf3 Rd7 14. Rad1 Bd6 15. c3 Kb8 16. b4 Rhd8 17. a4 e4 18.
f4 g5 19. fxg5 Bxh2+ 20. Kxh2 Rxd1 21. Rxd1 Rxd1 22. Bxf7 Ne5 23. Be6 Rd6 24. Bg8 Ng4+ 25. Kg3 Nxe3 26. fxe3 Rg6 27. Bxh7 Rxg5+ 28. Kf4 Rg1 29.
Bxe4 Rc1 30. Bd5 Rxc3 31. e4 c6 32. Bf7 Kc7 33. e5 Kd7 34. Kf5 Ke7 35. Be6 Rf3+ 36. Ke4 Ra3 37. Bc8 Rxa4 38. Kd3 Rxb4 39. e6 a5 40. Kc3 b5 41. Bd7 Rc4+ 42. Kb3 a4+ 43. Ka3 Kd6 44. Bc8 Re4 0-1

[Event "*** Titled Tuesday Blitz"]
[Site "Chess.com"]
[Date "2020.11.10"]
[Round "2"]
[White "NateSolon"]
[Black "ftorodent"]
[Result "0-1"]
[WhiteElo "2471"]
[BlackElo "2701"]
[TimeControl "180+1"]
[EndTime "10:19:50 PST"]
[Termination "ftorodent won on time"]

1. d4 f5 2. Bg5 g6 3. Nc3 d5 4. e3 Bg7 5. h4 Nh6 6. h5 Nf7 7. Bf4 g5 8. Bg3 h6 9. Qd2 c6 10. O-O-O Nd7 11. f3 e5 12. dxe5 Ndxe5 13. e4 d4 14. Qxd4 Qe7 15. exf5 Bxf5 16. Qf2 O-O 17. Nge2 Rad8 18. Nd4 Bh7 19. Be2 Nd6 20. Rhe1 Qf7 21.
Bf1 Rfe8 22. Kb1 Nec4 23. Bd3 c5 24. Bxh7+ Kxh7 25. Nde2 Nf5 26. Rxd8 Rxd8 27. Bh2 Nfe3 28. b3 Na3+ 29. Kc1 Naxc2 30. Ne4 Qd5 0-1

[Event "*** Titled Tuesday Blitz"]
[Site "Chess.com"]
[Date "2020.11.10"]
[Round "2"]
[White "HrvojeZagreb"]
[Black "nakajo"]
[Result "1-0"]
[WhiteElo "2278"]
[BlackElo "2445"]
[TimeControl "180+1"]
[EndTime "10:19:50 PST"]
[Termination "HrvojeZagreb won on time"]

1. d4 d5 2. Bf4 Nf6 3. e3 c5 4.
Nc3 Nc6 5. Nb5 e5 6. dxe5 a6 7. Nc3 Ne4 8. Qxd5 Nxc3 9. Qxd8+ Kxd8 10. bxc3 Be6 11. Nf3 h6 12. h4 g6 13. a4 Kc7 14.
Bd3 Bg7 15. O-O Rhe8 16. Be4 Rad8 17. Rab1 b6 18. Rb2 Rb8 19. Rfb1 Na5 20. Bd3 Nc4 21. Bxc4 Bxc4 22. e6+ Kc6 23. Bxb8 Rxb8 24. e7 b5 25. Rd1 Be6 26. Rd8 1-0

[Event "*** Titled Tuesday Blitz"]
[Site "Chess.com"]
[Date "2020.11.10"]
[Round "2"]
[White "Lenyas66"]
[Black "garicradomir"]
[Result "1-0"]
[WhiteElo "2476"]
[BlackElo "2286"]
[TimeControl "180+1"]
[EndTime "10:19:51 PST"]
[Termination "Lenyas66 won by resignation"]

1. d4 Nf6 2. Bg5 Ne4 3. Bf4 c5 4. f3 Nf6 5. d5 Nh5 6. Bd2 e5 7. Nh3 d6 8. Nf2 f5 9. e4 Nf6 10. Bb5+ Kf7 11. a4 Be7 12. Nc3 Rf8 13. Bd3 f4 14. g3 Nh5 15. Ne2 Bg5 16. g4 Nf6 17. h4 Bxh4 18. Rxh4 Nxd5 19. Rxh7 Nf6 20.
Rh1 Be6 21. Nc3 Nc6 22. b3 Nd4 23. Nb5 Rc8 24. Nxd4 cxd4 25. Qe2 Nd7 26. Bb4 Nc5 27. Bxc5 Rxc5 28. Kf1 Qa5 29. Kg2 Rfc8 30. Rad1 Qc3 31. Nh3 Kg8 32. Ng5 Bd7 33. Qf2 Qb2 34. Rd2 Qc3 35. Re2 Kf8 36. Qh4 Ke7 37. Qh7 Kd8 38. Qxg7 Kc7 39. Ne6+ Kc6 40. Nxc5 Qxc5 41. Rh7 Rc7 42.
Qg8 Kb6 43. Qd5 Qc3 44. Qxd6+ 1-0